 Dungeon Crawl Stone Soup version 0.28.0-43-g3370ac3207 (webtiles) character file.

Game seed: 7899546157045032153

65 pkoi the Gusty (level 3, -2/26 HPs)
             Began as a Draconian Air Elementalist on Mar 18, 2022.
             Slain by a water moccasin skeleton (3 damage)
             ... on level 2 of the Dungeon.
             The game lasted 00:03:20 (2123 turns).

pkoi the Gusty (Draconian Air Elementalist)         Turns: 2123, Time: 00:03:20

Health: -2/26      AC:  5    Str: 10    XL:     3   Next: 94%
Magic:  6/6        EV: 12    Int: 17    God:
Gold:   110        SH:  0    Dex: 11    Spells: 5/6 levels left

rFire   . . .      SeeInvis .   c - +0 whip (pain)
rCold   . . .      Faith    .   (no shield)
rNeg    . . .      Spirit   .   (armour unavailable)
rPois   .          Reflect  .   (helmet restricted)
rElec   .          Harm     .   (no cloak)
rCorr   .          Rampage  .   (no gloves)
Will    .....                   (no boots)
Stlth   ++........              (no amulet)
HPRegen 0.08/turn               (no ring)
MPRegen 0.10/turn               (no ring)

@: no status effects
A: AC +5, unfitting armour, cold-blooded
a: no special abilities


You were on level 2 of the Dungeon.
You visited 1 branch of the dungeon, and saw 2 of its levels.

You collected 110 gold pieces.

Inventory:

Hand Weapons
 c - a +0 whip of pain (weapon)
 f - a +0 mace of venom
Magical Staves
 d - a staff of poison
Scrolls
 b - 2 scrolls of identify {unknown}
 g - a scroll of enchant weapon {unknown}
 h - a scroll of amnesia {unknown}
 i - a scroll of enchant armour {unknown}
Potions
 a - 2 potions of heal wounds {unknown}
 e - a potion of flight {unknown}


   Skills:
 - Level 1.7 Dodging
 - Level 1.7 Stealth
 + Level 1.9 Unarmed Combat
 - Level 2.0 Spellcasting
 - Level 1.0 Conjurations
 * Level 4.3 Air Magic


You had 5 spell levels left.
You knew the following spells:

 Your Spells              Type           Power      Damage    Failure   Level
a - Shock                 Conj/Air       40%        1d5       6%          1

Your spell library contained the following spells:

 Spells                   Type           Power      Damage    Failure   Level
 Static Discharge         Conj/Air       10%        N/A       10%         2
 Swiftness                Air            16%        N/A       10%         3
 Airstrike                Air            8%         N/A       32%         4


Dungeon Overview and Level Annotations

Branches:
Dungeon (2/15)

Altars:


Innate Abilities, Weirdness & Mutations

Your plain brown scales are hard. (AC +5)
You cannot fit into any form of body armour.
You are cold-blooded and may be slowed by cold attacks.


Message History

A water moccasin skeleton comes into view.
Found a stone staircase leading up.
You see here a scroll labelled NAUMMAJOOG.
i - a scroll labelled NAUMMAJOOG The water moccasin skeleton barely misses you.
You hit the water moccasin skeleton. You punch the water moccasin skeleton.
The water moccasin skeleton is lightly damaged.
The water moccasin skeleton bites you.
You hit the water moccasin skeleton.
You tail-slap the water moccasin skeleton.
The water moccasin skeleton is moderately damaged.
The water moccasin skeleton bites you.
* * * LOW HITPOINT WARNING * * *
The water moccasin skeleton bites you.
* * * LOW HITPOINT WARNING * * *
Aiming: Shock (safe; 6% risk of failure)
Press: ? - help, Q - select action Shift-Dir - straight line That beam is likely to hit you.
Continue anyway?
Okay, then.
Unknown command.
You hit the water moccasin skeleton.
The water moccasin skeleton is moderately damaged.
The water moccasin skeleton bites you.
* * * LOW HITPOINT WARNING * * *
You hit the water moccasin skeleton.
The water moccasin skeleton is moderately damaged.
The water moccasin skeleton barely misses you.
You hit the water moccasin skeleton.
The water moccasin skeleton is heavily damaged.
The water moccasin skeleton bites you but does no damage.
The water moccasin skeleton misses you.
Unknown command.
The water moccasin skeleton closely misses you.
You see here 13 gold pieces.
You now have 110 gold pieces (gained 13).
The water moccasin skeleton bites you!
* * * LOW HITPOINT WARNING * * *
The water moccasin skeleton bites you but does no damage.
The water moccasin skeleton bites you.
You die...

########
#...<..#
#......#
#....Z.#
#.....@#####
#.....).......
#......#######
#......#
#.....†##
#.......## ##
#........# ..
# ########.##
.# ## ####..##
.# ..


You could see a water moccasin skeleton.

Vanquished Creatures
  Jessica (D:2)
  An adder (D:2)
  An endoplasm (D:2)
  3 goblins
  2 hobgoblins (D:1)
  2 quokkas (D:1)
  6 ball pythons
  8 bats
  A frilled lizard (D:1)
  3 kobolds (D:1)
  3 rats (D:2)
31 creatures vanquished.

Notes
Turn   | Place    | Note
-------+----------+-------------------------------------------
     0 | D:1      | pkoi the Draconian Air Elementalist began the quest for the
                  | Orb.
     0 | D:1      | Reached XP level 1. HP: 14/14 MP: 3/3
   181 | D:1      | You fall into a shaft and drop 1 floor!
   305 | D:2      | Noticed Jessica
   326 | D:2      | Reached XP level 2. HP: 15/20 MP: 5/5
   349 | D:2      | Killed Jessica
   350 | D:2      | Reached skill level 1 in Unarmed Combat
   350 | D:2      | Reached XP level 3. HP: 6/26 MP: 4/6
   425 | D:2      | Reached skill level 4 in Air Magic
  1792 | D:1      | Found a faded altar of an unknown god.
  2122 | D:2      | HP: 1/26 [water moccasin skeleton (7)]
  2123 | D:2      | Slain by a water moccasin skeleton

Illustrated notes

Levels and vault maps discovered:
D:1:      nicolae_arrival_washed_ashore, layout_loops_ring,
          dreamdust_ecumenical_altar_statues
D:2:      layout_rooms, roderic_roman_lattice, minmay_tromino_i4, uniq_jessica

Skill      XL: |  1  2  3 |
---------------+----------+-----
Unarmed Combat | 1 |  1.9
Air Magic      | 4 |  4.3
Dodging        | |  1.7
Stealth        | |  1.7
Spellcasting   | |  2.0
Conjurations   | |  1.0

Action                   || total
-------------------------++-------
Melee: Unarmed           ||    43
       Tailslap          ||     7
       Punch             ||     2
       Whip              ||    24
 Cast: Shock             ||    41
 Stab: Sleeping          ||     1
Armor: Skin              ||    25
Dodge: Dodged            ||    58
